 Dungeon Crawl Stone Soup version 0.31-a0-167-g1c394c0614 (webtiles) character file.

Game seed: 16877298371418908372

1647 qw the Skirmisher (level 9, 0/56 HPs)
             Began as a Gargoyle Hunter on June 14, 2023.
             Slain by an ufetubus (1 damage)
             ... on level 6 of the Dungeon.
             The game lasted 00:01:21 (3927 turns).

qw the Skirmisher (Gargoyle Hunter)                 Turns: 3927, Time: 00:01:22

Health: 0/56       AC: 19    Str: 20    XL:     9   Next: 0%
Magic:  9/9        EV: 12    Int:  7    God:
Gold:   310        SH:  0    Dex: 23    Spells: 8/8 levels left

rFire   + . .        Y - +0 shortbow
rCold   . . .        (shield currently unavailable)
rNeg    + . .        j - +0 ring mail
rPois   inf          l - +0 helmet
rElec   +            e - +0 cloak
rCorr   +            (no gloves)
SInv    .            a - +0 pair of boots "Vysmisk" {Rampage rPois Int-4 Slay+5}
Will    .....        (no amulet)
Stlth   ++           h - +6 ring of dexterity
HPRegen 0.29/turn    b - ring "Plog" {rPois rF+ rCorr AC+4 Str+6}
MPRegen 0.11/turn

%: rampage
@: no status effects
A: sickness immunity, AC +6, negative energy resistance 1, electricity
resistance, torment resistance 1, petrification resistance
a: no special abilities


You were on level 6 of the Dungeon.
You visited 1 branch of the dungeon, and saw 6 of its levels.

You collected 310 gold pieces.


Innate Abilities, Weirdness & Mutations

You are immune to sickness and miasma.
Your stone body is resilient. (AC +6)
You are immune to poison.
You resist negative energy. (rN+)
You are resistant to electric shocks. (rElec)
You are resistant to unholy torment.
You are immune to petrification.


   Skills:
 - Level 6.6 Fighting
 - Level 9.0 Ranged Weapons
 - Level 4.0 Armour
 + Level 2.8 Dodging
 - Level 1.1 Stealth


You had 8 spell levels left.
You didn't know any spells.
Your spell library was empty.

Inventory:

Hand Weapons
 Y - a +0 shortbow (weapon)
Armour
 a - the +0 pair of boots "Vysmisk" (worn) {Rampage rPois Int-4 Slay+5}
   (You acquired it on level 3 of the Dungeon)

   Int:       It affects your intelligence (-4).
   Slay:      It affects your accuracy & damage with ranged weapons and melee
   (+5).
   rPois:     It protects you from poison.
   Rampage:   It bestows one free step when moving towards enemies.
 e - a +0 cloak (worn)
 j - a +0 ring mail (worn)
 l - a +0 helmet (worn)
Jewellery
 b - the ring "Plog" (right hand) {rPois rF+ rCorr AC+4 Str+6}
   (You acquired it on level 5 of the Dungeon)

   [ring of protection]

   AC:        It affects your AC (+4).
   Str:       It affects your strength (+6).
   rF:        It protects you from fire.
   rPois:     It protects you from poison.
   rCorr:     It protects you from acid and corrosion.
 h - a +6 ring of dexterity (left hand)
Scrolls
 g - a scroll of identify
Potions
 c - a potion of cancellation
 f - a potion of haste
 i - a potion of ambrosia {unknown}
 k - a potion of might
 m - a potion of heal wounds {unknown}
 n - a potion of degeneration {unknown}
 o - a potion of curing
 q - a potion of attraction {unknown}
 r - a potion of enlightenment {unknown}

Dungeon Overview and Level Annotations

Branches:
Dungeon (6/15)
 Temple: D:4-7

Altars:
Dithmenos

Shops:
D:3 ([=


Message History

The ufetubus hits you but does no damage.
The ufetubus closely misses you. The yak gores you but does no damage.
You shoot an arrow. The arrow hits the yak!
The yak is moderately wounded.
The ufetubus barely misses you.
The ufetubus hits you but does no damage.
The ufetubus completely misses you. The ufetubus closely misses you.
The yak barely misses you.
You shoot an arrow. The arrow hits the yak.
The yak is heavily wounded.
The ufetubus barely misses you. x2; The yak gores you!
You shoot an arrow. The arrow hits the yak!
The yak is severely wounded.
The ufetubus barely misses you.
The ufetubus hits you but does no damage.
The yak gores you.
The ufetubus hits you but does no damage.
The ufetubus hits you.
You shoot an arrow. The arrow hits the yak.
The yak is almost dead.
The ufetubus hits you.
The ufetubus hits you but does no damage.
The yak gores you.
You shoot an arrow. The arrow hits the yak.
The yak is almost dead.
The ufetubus closely misses you. The ufetubus hits you.
The ufetubus barely misses you.
The ufetubus hits you but does no damage.
The yak gores you.
You shoot an arrow.
The arrow hits the yak but does no damage.
The yak is almost dead.
The ufetubus closely misses you.
The ufetubus hits you but does no damage.
The yak barely misses you.
You shoot an arrow. The arrow hits the yak!
You kill the yak!
The ufetubus hits you but does no damage.
The ufetubus closely misses you. x2; The ufetubus hits you.
You die...

##. ..
.. #..
.. #...
.####..
......
#...#
#.5# #@#
#.# #.#
#.#
##.##
###...#
##....##
#...###
#.<##


You could see an ufetubus.

Vanquished Creatures
  Grinder (D:3)
  3 yaks (D:6)
  Menkaure (D:4)
  2 water moccasins
  A black bear (D:4)
  2 ogres (D:5)
  5 scorpions
  A howler monkey (D:5)
  4 hounds
  2 iguanas
  2 adders (D:5)
  A worm (D:2)
  2 dart slugs
  2 orcs
  2 bats
  4 endoplasms
  2 giant cockroaches (D:1)
  4 goblins
  7 hobgoblins
  2 jackals (D:1)
  10 kobolds
  3 quokkas
  3 ball pythons
  2 frilled lizards
  7 rats
75 creatures vanquished.

Notes
Turn   | Place    | Note
-------+----------+-------------------------------------------
     0 | D:1      | qw the Gargoyle Hunter began the quest for the Orb.
     0 | D:1      | Reached XP level 1. HP: 12/12 MP: 1/1
     0 | D:1      | 0 ||| qw: Version: 0.2-a-29-g1fa15c8
     0 | D:1      | 0 ||| qw: Game counter: 5082
     0 | D:1      | 0 ||| qw: Always use a shield: true
     0 | D:1      | 0 ||| qw: God list: Okawaru
     0 | D:1      | 0 ||| qw: Allow faded altars: false
     0 | D:1      | 0 ||| qw: Do Orc after D:15 true
     0 | D:1      | 0 ||| qw: Do second Lair branch before Depths: true
     0 | D:1      | 0 ||| qw: Lair rune preference: random
     0 | D:1      | 0 ||| qw: Plans: Normal, Zot:1-4, Slime:5, God:TSO, Crypt,
                  | Tomb, Abyss, Pan, Hells, Win
     0 | D:1      | 0 ||| PLANNING D:1-11
    43 | D:1      | Reached XP level 2. HP: 17/17 MP: 2/2
   287 | D:1      | Reached XP level 3. HP: 21/21 MP: 3/3
   403 | D:1      | Reached skill level 5 in Ranged Weapons
   509 | D:1      | 509 ||| UPGRADING to +0 cloak.
   514 | D:1      | 514 ||| UPGRADING to +0 ring mail.
   524 | D:1      | 524 ||| DROPPING +0 leather armour.
   525 | D:1      | 525 ||| UPGRADING to +6 ring of dexterity.
   526 | D:1      | 526 ||| READING scroll labelled TUPOROASCHIRGH.
   527 | D:1      | 527 ||| READING scroll labelled HULIUCW FUHA.
   528 | D:1      | 528 ||| READING scroll labelled PAUBUST KASTRI.
   529 | D:1      | 529 ||| DROPPING scroll of butterflies.
   632 | D:2      | Found a shadowy altar of Dithmenos.
   829 | D:2      | Reached skill level 1 in Armour
  1066 | D:2      | Found a faded altar of an unknown god.
  1290 | D:2      | 1290 ||| READING scroll labelled MUTIOH DAIT.
  1391 | D:2      | 1391 ||| READING scroll labelled SEEBBA SUNTU.
  1652 | D:3      | Reached XP level 4. HP: 27/27 MP: 4/4
  1706 | D:3      | Noticed Grinder
  1713 | D:3      | Paralysed by Grinder for 2 turns
  1718 | D:3      | Paralysed by Grinder for 4 turns
  1724 | D:3      | Killed Grinder
  1725 | D:3      | Reached XP level 5. HP: 29/36 MP: 5/5
  1725 | D:3      | Reached XP level 6. HP: 33/41 MP: 6/6
  1756 | D:3      | Found Leluim's Antique Armour Shoppe.
  1765 | D:3      | 1765 ||| SHOPLISTING helmet (121 gold, have 68).
  1798 | D:3      | Found Taeskupt's Jewellery Emporium.
  1813 | D:3      | 1813 ||| SHOPLISTING +6 ring of strength (504 gold, have
                  | 68).
  1813 | D:3      | 1813 ||| SHOPLISTING ring of Ru's Hope {Fire rElec rPois
                  | Int+3} (693 gold, have 68).
  1813 | D:3      | 1813 ||| SHOPLISTING ring of fire (350 gold, have 68).
  1813 | D:3      | 1813 ||| SHOPLISTING ring of protection from fire (350
                  | gold, have 68).
  1813 | D:3      | 1813 ||| SHOPLISTING ring of see invisible (210 gold, have
                  | 68).
  1813 | D:3      | 1813 ||| SHOPLISTING ring of willpower (350 gold, have 68).
  1878 | D:3      | Found Jizou's Weapon Shoppe.
  2040 | D:3      | 2040 ||| UPGRADING to +0 helmet.
  2045 | D:3      | 2045 ||| READING scroll labelled HOITTY PAWNYIL.
  2045 | D:3      | Identified a scroll of acquirement
  2045 | D:3      | 2045 ||| ACQUIRING +0 pair of boots "Vysmisk" {Rampage
                  | rPois Int-4 Slay+5}
  2045 | D:3      | Acquired the +0 pair of boots "Vysmisk" {Rampage rPois
                  | Int-4 Slay+5}
  2047 | D:3      | 2047 ||| UPGRADING to +0 pair of boots "Vysmisk" {Rampage
                  | rPois Int-4 Slay+5}.
  2052 | D:3      | 2052 ||| READING scroll labelled FOSTRI NEEL.
  2053 | D:3      | 2053 ||| READING scroll labelled COGGA ITHRIKKE.
  2054 | D:3      | 2054 ||| DRINKING 2 murky dark potions.
  2182 | D:4      | Noticed a black bear
  2186 | D:4      | Killed a black bear
  2302 | D:4      | Reached skill level 6 in Ranged Weapons
  2302 | D:4      | Reached XP level 7. HP: 45/45 MP: 7/7
  2626 | D:4      | 2626 ||| READING 2 scrolls labelled QEX ZODWEHUPU.
  2630 | D:4      | 2630 ||| READING scroll labelled CUAFRI XOKHO.
  2631 | D:4      | 2631 ||| READING scroll labelled CEFOGG ZAORCH.
  2632 | D:4      | 2632 ||| READING 2 scrolls of identify.
  2632 | D:4      | 2632 ||| IDENTIFYING orange potion
  2642 | D:5      | Entered Level 5 of the Dungeon
  2642 | D:5      | Noticed Menkaure
  2647 | D:5      | 2647 ||| STAIRDANCE
  2656 | D:4      | HP: 11/45 [??? (2)]
  2657 | D:4      | 2657 ||| READING scroll of teleportation.
  2816 | D:4      | Killed Menkaure
  2817 | D:4      | Reached skill level 7 in Ranged Weapons
  2832 | D:5      | Reached XP level 8. HP: 51/51 MP: 8/8
  2902 | D:5      | 2902 ||| READING scroll of acquirement.
  2902 | D:5      | 2902 ||| ACQUIRING ring "Plog" {rPois rF+ rCorr AC+4 Str+6}
  2902 | D:5      | Acquired the ring "Plog" {rPois rF+ rCorr AC+4 Str+6}
  2904 | D:5      | 2904 ||| UPGRADING to ring "Plog" {rPois rF+ rCorr AC+4
                  | Str+6}.
  2965 | D:5      | Reached skill level 8 in Ranged Weapons
  3845 | D:5      | 3845 ||| READING 2 scrolls of identify.
  3845 | D:5      | 3845 ||| IDENTIFYING metallic red potion
  3886 | D:6      | Reached skill level 9 in Ranged Weapons
  3895 | D:6      | Noticed a yak
  3898 | D:6      | Noticed a yak
  3903 | D:6      | Noticed a yak
  3904 | D:6      | Killed a yak
  3911 | D:6      | Killed a yak
  3912 | D:6      | Reached skill level 6 in Fighting
  3919 | D:6      | Reached XP level 9. HP: 27/56 MP: 9/9
  3922 | D:6      | HP: 14/56 [yak (7)]
  3924 | D:6      | HP: 6/56 [ufetubus (1)]
  3925 | D:6      | HP: 1/56 [yak (2)]
  3927 | D:6      | Slain by an ufetubus

Levels and vault maps discovered:
D:1:      roderic_dead_forest, layout_basic
D:2:      layout_basic, basic_altar, shapermc_ecumenical_altar_mp_urbaneastern,
          chequers_decorated_corner
D:3:      layout_basic, serial_curves, eino_curves_01, eino_curves_02,
          eino_curves_02, serial_shops, shop, nicolae_shop_bloodbath_and_beyond,
          nicolae_shop_tiny_glass, uniq_grinder
D:4:      layout_basic, minmay_misc_feat_iff, st_stairs_2,
          palyth_stone_intersect, kennysheep_dice
D:5:      layout_layer_cave, kennysheep_generic_room_10, uniq_menkaure
D:6:      layout_layer_cave, cheibriados_altar_1

Skill      XL: |  1  2  3  4  5  6  7  8 |
---------------+-------------------------+-----
Ranged Weapons | 5 6 7 9 |  9.0
Armour         | 1 2 4 |  4.0
Fighting       | 5 6 |  6.6
Dodging        | 2 |  2.8
Stealth        | |  1.1

Action                     |  1- 3 |  4- 6 |  7- 9 || total
---------------------------+-------+-------+-------++-------
   Fire: Shortbow          |   131 |    35 |   107 ||   273
    Use: Scroll            |     5 |     3 |     7 ||    15
         Potion            |       |     1 |       ||     1
 Armour: Leather armour    |    23 |       |       ||    23
         Ring mail         |     9 |     2 |    52 ||    63
  Dodge: Dodged            |    28 |     4 |    68 ||   100

Table legend:
 A = Non-vault XP
 B = Vault XP
 C = Vault XP percentage of total XP
 D = Non-vault monster count
 E = Vault monster count
 F = Vault count percentage of total count
                 A         B        C        D         E       F
            +---------+---------+-------+---------+---------+-------
      Total |    1982 |     585 |  22.8 |      69 |       6 |   8.0
            +---------+---------+-------+---------+---------+-------
        D:1 |      40 |       0 |   0.0 |      21 |       0 |   0.0
        D:2 |      38 |       0 |   0.0 |      20 |       0 |   0.0
        D:3 |       8 |     286 |  97.3 |       5 |       1 |  16.7
        D:4 |     486 |     263 |  35.1 |       8 |       4 |  33.3
        D:5 |     673 |      36 |   5.1 |      10 |       1 |   9.1
        D:6 |     737 |       0 |   0.0 |       5 |       0 |   0.0
            +---------+---------+-------+---------+---------+-------
